 Dungeon Crawl Stone Soup version 0.20.1-1-g8b1a95d (webtiles) character file.

458 equalderp2856 the Chopper (level 6, -2/53 HPs)
             Began as a Minotaur Fighter on July 26, 2017.
             Killed by nerve-wracking pain
             ... invoked by Grinder
              (9 damage)
             ... while paralysed by Grinder
             ... in a sewer.
             The game lasted 00:07:35 (2869 turns).

equalderp2856 the Chopper (Minotaur Fighter)        Turns: 2869, Time: 00:07:36

Health: -2/53      AC:  7    Str: 26      XL:     6   Next: 77%
Magic:  5/5        EV:  2    Int:  5      God:
Gold:   137        SH:  0    Dex:  8 (11) Spells: 5/5 levels left

rFire    . . .     SeeInvis .   a - +0 war axe
rCold    . . .     Gourm    .   c - +0 shield
rNeg     . . .     Faith    .   b - +0 scale mail
rPois    .         Spirit   .   (helmet restricted)
rElec    .         Reflect  .   (no cloak)
rCorr    .         Harm     .   (no gloves)
MR       .....                  (no boots)
Stlth    ..........             (no amulet)
Regen    0.2/turn               (no ring)
MPRegen  0.1/turn               (no ring)

@: paralysed, mighty
A: retaliatory headbutt, horns 2
a: no special abilities


You were in a sewer.
You were near starving.

You visited 1 branch of the dungeon, and saw 3 of its levels.
You also visited: Sewer.

You collected 137 gold pieces.

Inventory:

Hand Weapons
 a - a +0 war axe (weapon)
 x - a +0 rapier
 B - a cursed -3 blowgun
Missiles
 k - 61 stones (quivered)
 l - 9 arrows
 p - 18 sling bullets
 C - 2 poisoned needles
Armour
 b - a +0 scale mail (worn)
 c - a +0 shield (worn)
 i - a +0 cloak
Jewellery
 o - a cursed ring of teleportation {unknown}
 u - a cursed ring of loudness {unknown}
 A - an uncursed ring of see invisible {unknown}
Wands
 w - a wand of iceblast (11/15)
Scrolls
 e - 2 scrolls of enchant weapon {unknown}
 h - 3 scrolls of identify {unknown}
 m - 2 scrolls of amnesia {unknown}
 n - 3 scrolls of remove curse {unknown}
 y - 3 scrolls of fog {unknown}
 z - a scroll of teleportation {unknown}
 F - a scroll of immolation {unknown}
Potions
 g - a potion of ambrosia {unknown}
 j - 2 potions of heal wounds {unknown}
 q - a potion of invisibility {unknown}
 r - a potion of degeneration {unknown}
 t - a potion of mutation {unknown}
 v - 3 potions of curing {unknown}
 D - 2 potions of flight {unknown}
Comestibles
 f - 3 bread rations
 s - a meat ration
 E - 2 fruits


   Skills:
 + Level 4.6 Fighting
 + Level 5.9 Axes
 + Level 5.0 Armour
 + Level 2.1 Dodging
 + Level 0.3 Stealth
 + Level 5.1 Shields


You had 5 spell levels left.
You didn't know any spells.

Dungeon Overview and Level Annotations

Branches:
Dungeon (3/15)

Altars:

Annotations:
Sewer Grinder


Innate Abilities, Weirdness & Mutations

You reflexively headbutt those who attack you in melee.
You have a pair of horns on your head.


Message History

* * * LOW HITPOINT WARNING * * *
You writhe in agony.
* * * LOW HITPOINT WARNING * * *
The big kobold zombie hits you.
* * * LOW HITPOINT WARNING * * *
Grinder gestures at you.
You suddenly lose the ability to move!
The big kobold zombie hits you but does no damage.
Grinder hits you but does no damage. The big kobold zombie hits you.
* * * LOW HITPOINT WARNING * * *
Grinder hits you.
* * * LOW HITPOINT WARNING * * *
The big kobold zombie hits you but does no damage.
Grinder gestures at you.
You shrug off the repeated paralysis!
The big kobold zombie hits you but does no damage.
Grinder gestures at you. Pain shoots through your body!
You die...

#...# ##...## #.....#
#.≈≈≈.# #.....# ##'''## ###
##...#######
###...##.§.§.##...###
#!..§.Z@......'.≈...###
!$..≈.†5§._.§.'.≈§...∩#
#(..≈.'.......'.≈§..###
###...##..§..##..§### ####
##...#######
#############)#############
#≈≈.#≈≈≈≈≈≈#.()#≈≈≈≈≈≈#.≈≈#
#≈≈..≈≈.≈≈).....≈≈≈.≈≈...≈#
#≈..#.....)#≈≈≈#......#..≈#


You could see Grinder and a big kobold zombie.

Vanquished Creatures
  A big kobold (Sewer)
  A quasit (Sewer)
  An orc priest (D:3)
  An orc wizard (D:2)
  4 big kobold zombies (Sewer)
  6 adders
  A river rat (D:3)
  2 shadow imps (Sewer)
  An ufetubus (Sewer)
  6 oozes
  3 worms
  3 dart slugs
  2 leopard geckos
  6 orcs
  5 bats
  6 giant cockroaches
  5 hobgoblins
  8 jackals
  3 ball pythons (D:3)
  5 frilled lizards
  A giant cockroach zombie (Sewer)
  4 goblins
  26 kobolds
  7 rats
108 creatures vanquished.

Notes
Turn   | Place    | Note
-------+----------+-------------------------------------------
     0 | D:1      | equalderp2856 the Minotaur Fighter began the quest for the Orb.
     0 | D:1      | Reached XP level 1. HP: 19/19 MP: 0/0
     3 | D:1      | Found a runed door.
    39 | D:1      | Reached XP level 2. HP: 19/27 MP: 1/1
    51 | D:1      | Reached XP level 3. HP: 16/33 MP: 2/2
  1544 | D:2      | Reached XP level 4. HP: 38/40 MP: 3/3
  1878 | D:2      | Reached skill level 1 in Dodging
  1938 | D:3      | Reached XP level 5. HP: 46/46 MP: 4/4
  2295 | D:3      | Found a glowing drain.
  2316 | Sewer    | Entered a sewer
  2464 | Sewer    | Reached skill level 5 in Axes
  2464 | Sewer    | Reached XP level 6. HP: 51/53 MP: 5/5
  2578 | Sewer    | Found a burning altar of Makhleb.
  2615 | Sewer    | Reached skill level 5 in Armour
  2615 | Sewer    | Reached skill level 5 in Shields
  2857 | Sewer    | Noticed Grinder
  2857 | Sewer    | Paralysed by Grinder for 5 turns
  2865 | Sewer    | Paralysed by Grinder for 7 turns
  2869 | Sewer    | Killed from afar by Grinder

Skill      XL: |  1  2  3  4  5  6 |
---------------+-------------------+-----
Armour         | 4 5 |  5.0
Fighting       | 4 |  4.6
Shields        | 4 5 |  5.1
Axes           | 3 5 |  5.9
Dodging        | 1 2 |  2.1
Stealth        | |  0.3

Action                   |  1- 3 |  4- 6 || total
-------------------------+-------+-------++-------
Melee: War axe           |    78 |   190 ||   268
       Headbutt          |    10 |    20 ||    30
  Use: Potion            |       |     1 ||     1
  Eat: Chunk             |     1 |     4 ||     5
Armor: Scale mail        |    33 |   130 ||   163
Dodge: Dodged            |    28 |    82 ||   110
Block: Shield            |    46 |   109 ||   155
